 Dungeon Crawl Stone Soup version 0.29.0-11-gd7f09526c8 (webtiles) character file.

Game seed: 2454593432169950174

38 pacmanke6689 the Firebug (level 3, -3/29 HPs)
             Began as a Human Cinder Acolyte on Sept 2, 2022.
             Was an Initiate of Yredelemnul.
             Slain by a fire elemental (11 damage)
             ... created by the fiery vengeance of Ignis
             ... on level 2 of the Dungeon.
             The game lasted 00:08:02 (1308 turns).

pacmanke6689 the Firebug (Human Cinder Acolyte)     Turns: 1308, Time: 00:08:04

Health: -3/29      AC:  7    Str: 16    XL:     3   Next: 65%
Magic:  4/4        EV: 10    Int: 14    God:    Yredelemnul [......]
Gold:   99         SH:  0    Dex:  8    Spells: 2/4 levels left

rFire   . . .      SeeInvis .   a - -1 falchion (flame)
rCold   . . .      Faith    .   (no shield)
rNeg    . . .      Spirit   .   c - +0 ring mail
rPois   +          Reflect  .   h - +0 helmet
rElec   .          Harm     .   i - +0 cloak
rCorr   .          Rampage  .   (no gloves)
Will    .....                   (no boots)
Stlth   ..........              (no amulet)
HPRegen 0.09/turn               e - ring of poison resistance
MPRegen 0.09/turn               (no ring)

@: fire susceptible
A: no striking features
a: Renounce Religion, Recall Undead Harvest


You were on level 2 of the Dungeon.
You worshipped Yredelemnul.
Yredelemnul was noncommittal.
You visited 1 branch of the dungeon, and saw 2 of its levels.

You collected 99 gold pieces.

Inventory:

Hand Weapons
 a - a -1 falchion of flaming (weapon)
Armour
 b - a +0 robe
 c - a +0 ring mail (worn)
 h - a +0 helmet (worn)
 i - a +0 cloak (worn)
Jewellery
 e - a ring of poison resistance (left hand)
Scrolls
 d - a scroll of teleportation {unknown}
 f - a scroll of poison {unknown}
 g - a scroll of torment {unknown}
Potions
 j - a potion of magic


   Skills:
 + Level 3.3 Fighting
 + Level 3.5 Long Blades
 + Level 0.3 Armour
 + Level 1.0 Spellcasting
 + Level 3.5 Fire Magic


You had 2 spell levels left.
You knew the following spells:

 Your Spells              Type           Power      Damage    Failure   Level
a - Scorch                Fire           20%        2d6       19%         2

Your spell library contained the following spells:

 Spells                   Type           Power      Damage    Failure   Level
 Confusing Touch          Hex            0%         N/A       83%         3
 Yara's Violent Unravell  Hex/Tmut       0%         3d3       100%        5
 Enfeeble                 Hex            0%         N/A       100%        7


Dungeon Overview and Level Annotations

Branches:
Dungeon (2/15)

Altars:
Yredelemnul


Message History

Your jackal zombie is destroyed!
Your jackal zombie closely misses the fire elemental.
You swap places.
The fire elemental hits your jackal zombie.
The fire elemental burns your jackal zombie!
Your jackal zombie is destroyed!
Your jackal zombie misses the fire elemental.
You swap places.
The fire elemental hits your jackal zombie.
The fire elemental burns your jackal zombie!
Your jackal zombie is destroyed!
You swap places.
The fire elemental hits your ball python zombie.
The fire elemental burns your ball python zombie!
Your ball python zombie is destroyed!
You swap places.
The fire elemental hits your ball python zombie.
The fire elemental burns your ball python zombie!
Your ball python zombie is destroyed!
You swap places.
Your rat zombie closely misses the fire elemental.
The fire elemental hits your rat zombie.
The fire elemental burns your rat zombie!
Your rat zombie is destroyed!
The fire elemental hits your kobold zombie.
The fire elemental burns your kobold zombie!
Your kobold zombie is destroyed!
You closely miss the fire elemental. The fire elemental barely misses you.
You hit the fire elemental.
The fire elemental is lightly damaged.
The fire elemental hits you. The fire elemental burns you!
You hit the fire elemental but do no damage.
Your punch misses the fire elemental.
The fire elemental is lightly damaged.
The fire elemental closely misses you. The fire elemental hits you.
The fire elemental burns you!
* * * LOW HITPOINT WARNING * * *
The fire elemental hits you. The fire elemental burns you!
You die...
Your body rises from the dead as a mindless zombie.

#.##...#.........
#)# #.#.....#...#
#.# #.#..........
#.# #.#.....##.).
#.# #..Z.....#..#
#.# #..#####.#...
###.###..# .#.##
#........# .....
#.@####..# #.#.##
#EE# #..# #.#.##
#.E# #..<.... #...
#.°# #.....# # #..#
#####.# #..# #.#
#.°# #.# #..#
#.#######
#.°########..○....?


You could see 3 fire elementals.

Vanquished Creatures
  A dart slug (D:1)
  2 bats (D:1)
  2 giant cockroaches (D:1)
  A goblin (D:1)
  A hobgoblin (D:1)
  4 jackals (D:2)
  3 quokkas (D:1)
  3 ball pythons
  A kobold (D:2)
  4 rats
22 creatures vanquished.

Vanquished Creatures (collateral kills)
  A bat (D:1)
  An endoplasm (D:1)
  2 goblins (D:1)
  3 kobolds (D:1)
  A quokka (D:2)
  A frilled lizard (D:1)
9 creatures vanquished.

Vanquished Creatures (others)
  A bat zombie (D:1)
  2 ball python zombies (D:2)
  3 jackal zombies (D:2)
  A kobold zombie (D:2)
  A rat zombie (D:2)
8 creatures vanquished.

Grand Total: 39 creatures vanquished

Notes
Turn   | Place    | Note
-------+----------+-------------------------------------------
     0 | D:1      | pacmanke6689 the Human Cinder Acolyte began the quest for
                  | the Orb.
     0 | D:1      | Reached XP level 1. HP: 18/18 MP: 2/2
   216 | D:1      | Found a faded altar of an unknown god.
   227 | D:1      | Reached XP level 2. HP: 24/24 MP: 3/3
   230 | D:1      | Learned a level 2 spell: Scorch
   255 | D:1      | Prayed at the altar of an unknown god.
   255 | D:1      | Fell from the grace of Ignis
   255 | D:1      | Became a worshipper of Yredelemnul the Dark
   255 | D:1      | Reached * piety under Yredelemnul
   302 | D:1      | Reached ** piety under Yredelemnul
   450 | D:1      | Reached XP level 3. HP: 26/29 MP: 4/4
   858 | D:1      | Reached *** piety under Yredelemnul
  1288 | D:2      | Noticed a fire elemental
  1288 | D:2      | Noticed a fire elemental
  1288 | D:2      | Noticed a fire elemental
  1308 | D:2      | Slain by a fire elemental

Illustrated notes

Levels and vault maps discovered:
D:1:      onia_arrival_mini_maze_b, layout_basic,
          hellmonk_ecumenical_altar_zigzags
D:2:      layout_loops_ring, minmay_heptomino_d4

Action                   || total
-------------------------++-------
Melee: Falchion          ||    78
       Punch             ||     1
Invok: Recall Undead Har ||     1
  Use: Scroll            ||     2
Armor: Robe              ||     2
       Ring mail         ||    59
Dodge: Dodged            ||    47
